 Dungeon Crawl Stone Soup version 0.29-a0-234-g0dae59b3db (webtiles) character file.

Game seed: 9311675460187347728

70 Hasart the Shooter (level 3, 0/30 HPs)
             Began as a Demigod Hunter on Mar 2, 2022.
             Slain by a water moccasin skeleton (3 damage)
             ... on level 3 of the Dungeon.
             The game lasted 00:02:24 (1684 turns).

Hasart the Shooter (Demigod Hunter)                 Turns: 1684, Time: 00:02:25

Health: 0/30       AC:  4    Str: 13    XL:     3   Next: 76%
Magic:  0/5        EV: 12    Int: 13    God:
Gold:   118        SH:  0    Dex: 18    Spells: 2/2 levels left

rFire   . . .      SeeInvis .   a - +1 shortbow
rCold   . . .      Faith    .   (shield currently unavailable)
rNeg    . . .      Spirit   +   b - +0 leather armour
rPois   .          Reflect  .   (no helmet)
rElec   .          Harm     .   (no cloak)
rCorr   .          Rampage  .   p - +0 pair of gloves
Will    .....                   (no boots)
Stlth   ++........              j - amulet of guardian spirit
HPRegen 0.10/turn               (no ring)
MPRegen 0.09/turn               (no ring)

@: no status effects
A: high MP 1, forlorn, divine attributes
a: no special abilities


You were on level 3 of the Dungeon.
You visited 1 branch of the dungeon, and saw 3 of its levels.

You collected 118 gold pieces.

Inventory:

Hand Weapons
 a - a +1 shortbow (weapon)
Armour
 b - a +0 leather armour (worn)
 p - a +0 pair of gloves (worn)
Jewellery
 j - an amulet of guardian spirit (around neck)
 n - an amulet of the acrobat
Wands
 g - a wand of flame (16)
Scrolls
 c - a scroll of amnesia {unknown}
 d - a scroll of silence {unknown}
 f - a scroll of enchant armour {unknown}
 m - a scroll of identify {unknown}
 o - a scroll of enchant weapon {unknown}
Potions
 e - a potion of brilliance {unknown}
 h - a potion of attraction {unknown}
 i - a potion of berserk rage {unknown}
 k - a potion of resistance {unknown}
 l - a potion of haste {unknown}


   Skills:
 + Level 2.3 Fighting
 * Level 4.2 Bows
 + Level 2.3 Dodging
 + Level 1.7 Stealth


You had 2 spell levels left.
You didn't know any spells.
Your spell library contained the following spells:

 Spells                   Type           Power      Damage    Failure   Level
 Borgnjor's Revivificati  Necr           0%         N/A       100%        8
 Necromutation            Tmut/Necr      0%         N/A       100%        8
 Death's Door             Necr           0%         N/A       100%        9


Dungeon Overview and Level Annotations

Branches:
Dungeon (3/15)


Innate Abilities, Weirdness & Mutations

You have an increased reservoir of magic. (+10% MP)
You shall have no god before yourself.
Your divine heritage dramatically boosts your attributes as you level up.


Message History

The water moccasin skeleton bites you.
The water moccasin skeleton closely misses you.
You shoot an arrow.
The arrow hits the water moccasin skeleton.
The water moccasin skeleton is severely damaged.
The water moccasin skeleton completely misses you.
You shoot an arrow.
The arrow hits the water moccasin skeleton.
The water moccasin skeleton is almost destroyed.
The water moccasin skeleton barely misses you.
The water moccasin skeleton bites you!
You are too injured to fight recklessly!
You are too injured to fight recklessly!
You are too injured to fight recklessly!
Shoot: a) +1 shortbow
Press: ? - help, Q - select action, (/) - cycle Shift-Dir - straight line, f/p - water moccasin skeleton
Aim: a water moccasin skeleton (almost destroyed, 72% to hit)
You shoot an arrow.
The arrow hits the water moccasin skeleton.
The water moccasin skeleton is almost destroyed.
The water moccasin skeleton bites you.
* * * LOW HITPOINT WARNING * * *
The water moccasin skeleton bites you but does no damage.
Shoot: a) +1 shortbow
Press: ? - help, Q - select action, (/) - cycle Shift-Dir - straight line, f/p - water moccasin skeleton
Aim: a water moccasin skeleton (almost destroyed, 72% to hit)
You shoot an arrow.
The arrow barely misses the water moccasin skeleton.
The water moccasin skeleton bites you.
* * * LOW HITPOINT WARNING * * *
Shoot: a) +1 shortbow
Press: ? - help, Q - select action, (/) - cycle Shift-Dir - straight line, f/p - water moccasin skeleton
Aim: a water moccasin skeleton (almost destroyed, 72% to hit)
You shoot an arrow.
The arrow hits the water moccasin skeleton.
The water moccasin skeleton is almost destroyed.
The water moccasin skeleton bites you.
* * * LOW HITPOINT WARNING * * *
The water moccasin skeleton bites you.
You die...

.... #............##
... ##.....#####..
#.###.....# .#
..#.......#.# ##.#
.........#.# ...
###..8..#.###.#
#.....#..#..#
##.....##...#
#@.###.###..#
......Z...##...#..#
....###.#....#....##
# ..
)............#####
..###.............†
..# ......###.....
... .....# ###... ..
....# #... .... #...


You could see a water moccasin skeleton.

Vanquished Creatures
  A gnoll (D:1)
  3 adders (D:2)
  A dart slug (D:1)
  An endoplasm (D:1)
  2 giant cockroaches (D:1)
  4 goblins
  2 hobgoblins
  3 jackals (D:3)
  2 quokkas (D:2)
  5 ball pythons
  3 bats
  2 frilled lizards (D:2)
  3 rats (D:1)
32 creatures vanquished.

Vanquished Creatures (others)
  A withered plant (D:3)
1 creature vanquished.

Grand Total: 33 creatures vanquished

Notes
Turn   | Place    | Note
-------+----------+-------------------------------------------
     0 | D:1      | Hasart the Demigod Hunter began the quest for the Orb.
     0 | D:1      | Reached XP level 1. HP: 17/17 MP: 3/3
    19 | D:1      | Reached skill level 1 in Stealth
    88 | D:1      | Reached XP level 2. HP: 24/24 MP: 4/4
    96 | D:1      | You fall into a shaft and drop 1 floor!
   282 | D:2      | Reached skill level 4 in Bows
   340 | D:2      | Reached XP level 3. HP: 28/29 MP: 5/5
  1684 | D:3      | Slain by a water moccasin skeleton

Illustrated notes

Levels and vault maps discovered:
D:1:      lightli_arrival_lavapool, layout_loops_cross, basic_ecumenical_altar,
          grunt_decor_resistance
D:2:      layout_basic
D:3:      layout_rooms, serial_undead, serial_undead_a, serial_undead_e,
          serial_undead_e, serial_undead_f, serial_undead_b, serial_undead_d,
          serial_undead_d, serial_undead_b, portal_sewer_entry_d, hex_medium

Skill      XL: |  1  2 |
---------------+-------+-----
Stealth        | 1 |  1.7
Fighting       | 2 |  2.3
Dodging        | 2 |  2.3
Bows           | 4 |  4.2

Action                   || total
-------------------------++-------
 Fire: Shortbow          ||    99
Armor: Leather armour    ||    13
Dodge: Dodged            ||    42

Table legend: (Time is in decaauts)
 A = Elapsed time spent in this place.
 B = Non-inter-level travel time spent in this place.
 C = Inter-level travel time spent in this place.
 D = Time resting spent in this place.
 E = Time spent auto-exploring this place.
 F = Levels seen in this place.
 G = Mean time per level.
                   A        B        C        D        E       F      G
               +--------+--------+--------+--------+--------+-----+--------+
         Total |   1718 |   1540 |    178 |      0 |   1307 |   3 |  572.7 |
       Dungeon |   1718 |   1540 |    178 |      0 |   1307 |   3 |  572.7 |
               +--------+--------+--------+--------+--------+-----+--------+

Top non-repeatable levels by time:
     D:2: 937 daAuts
     D:1: 633 daAuts
     D:3: 148 daAuts
